 Dungeon Crawl Stone Soup version 0.26.0-18-gc5c842f807 (webtiles) character file.

Game seed: 8823850245820624084

21 Ortigal the Vexing (level 2, 0/16 HPs)
             Began as a Gargoyle Arcane Marksman on Jan 5, 2021.
             Slain by an iguana (4 damage)
             ... on level 1 of the Dungeon on Jan 24, 2021.
             The game lasted 00:06:12 (865 turns).

Ortigal the Vexing (Gargoyle Arcane Marksman)        Turns: 865, Time: 00:06:13

Health: 0/16       AC:  5    Str: 13    XL:     2   Next: 83%
Magic:  2/3        EV: 12    Int: 13    God:
Gold:   40         SH:  0    Dex: 10    Spells: 0/3 levels left

rFire    . . .     SeeInvis .   b - -2 short sword (curse)
rCold    . . .     Faith    +   (no shield)
rNeg     + . .     Spirit   .   e - +0 robe
rPois    ∞         Reflect  .   (no helmet)
rElec    +         Harm     .   h - +0 cloak
rCorr    .         Rampage  .   (no gloves)
Will     .....                  (no boots)
Stlth    +.........             c - amulet of faith
HPRegen  0.05/turn              (no ring)
MPRegen  0.08/turn              (no ring)

@: no status effects
A: negative energy resistance 1, electricity resistance, unbreathing,
petrification resistance, miasma immunity, AC +2
a: no special abilities


You were on level 1 of the Dungeon.
You visited 1 branch of the dungeon, and saw 2 of its levels.

You collected 40 gold pieces.

Inventory:

Hand Weapons
 a - a +0 hand crossbow
 b - a cursed -2 short sword (weapon)
 j - a +0 club
 k - a +0 short sword
 s - a +0 spear
Missiles
 d - 77 bolts
 g - a boomerang (quivered)
 r - 12 poisoned darts
Armour
 e - a +0 robe (worn)
 h - a +0 cloak (worn)
 n - a +0 tower shield
Jewellery
 c - an amulet of faith (around neck)
Scrolls
 f - a scroll of amnesia {unknown}
 l - 2 scrolls of magic mapping {unknown}
 o - a scroll of identify {unknown}
Potions
 i - a potion of flight {unknown}
 m - a potion of haste {unknown}
 p - a potion of curing {unknown}
 q - a potion of might {unknown}


   Skills:
 + Level 1.2 Fighting
 + Level 0.1 Short Blades
 + Level 2.3 Crossbows
 + Level 1.7 Dodging
 + Level 1.2 Spellcasting
 + Level 3.1 Hexes


You couldn't memorise any spells.
You knew the following spells:

 Your Spells              Type           Power        Failure   Level
a - Corona                Hex            8%           8%          1
b - Slow                  Hex            8%           12%         2

Your spell library contained the following spells:

 Spells                   Type           Power        Failure   Level
 Inner Flame              Hex/Fire       4%           41%         3
 Portal Projectile        Hex/Tloc       8%           41%         3
 Cause Fear               Hex            4%           58%         4
 Leda's Liquefaction      Hex/Erth       2%           82%         4


Dungeon Overview and Level Annotations

Branches:
Dungeon (2/15)

Altars:


Innate Abilities, Weirdness & Mutations

You are resistant to torment.
Your stone body is resilient. (AC +2)
You are immune to poison.
You resist negative energy. (rN+)
You are resistant to electric shocks. (rElec)
You can survive without breathing.
You are immune to petrification.
You are immune to miasma.


Message History

There is a stone staircase leading down here.
HP restored.
You climb downwards.
The ooze closely misses you. The adder bites you. The iguana bites you.
There is a stone staircase leading up here.
The bat hits you but does no damage. x2
The adder bites you but does no damage. The ooze hits you.
The iguana barely misses you.
You climb upwards.
There is a stone staircase leading down here.
The bat hits you but does no damage. The ooze hits you. The iguana bites you.
* * * LOW HITPOINT WARNING * * *
Casting: Corona (safe; 8% risk of failure)
Confirm with . or Enter, or press ? or * to list all spells.
Aiming: Corona (safe; 8% risk of failure)
Press: ? - help, Shift-Dir - straight line, f - adder
Aim: an adder (chance to affect: 51%)
The adder is outlined in light.
The adder bites you but does no damage. The ooze hits you but does no damage.
The iguana bites you.
You die...

.##.......##.......#
.##..##....##.#....#
.###.##............#
.# #.##.####.......#
.# #.##.#
####....### .#
#.##.# ##.....# .#
#....# #b..### .#
###..# #Sl.# ## ####
#@J.# #####


You could see an iguana, an ooze, an adder (corona) and a bat.

Vanquished Creatures
  5 goblins (D:1)
  4 hobgoblins (D:1)
  5 bats (D:1)
  A kobold (D:1)
  4 rats (D:1)
19 creatures vanquished.

Notes
Turn   | Place    | Note
-------+----------+-------------------------------------------
     0 | D:1      | Ortigal the Gargoyle Arcane Marksman began the quest for
                  | the Orb.
     0 | D:1      | Reached XP level 1. HP: 12/12 MP: 2/2
   214 | D:1      | Upgraded the game from 0.26-b1-32-g5d43845318 to
                  | 0.26.0-18-gc5c842f807
   236 | D:1      | Reached skill level 3 in Hexes
   270 | D:1      | Reached XP level 2. HP: 16/16 MP: 3/3
   273 | D:1      | Learned a level 2 spell: Slow
   865 | D:1      | Slain by an iguana

Illustrated notes

Levels and vault maps discovered:
D:1:      minmay_arrival_three_doors, layout_rooms
D:2:      layout_loops_ring, grunt_qazlal_clouds, marbit_many_paths,
          st_stairs_11, minmay_misc_feat_five, uniq_crazy_yiuf_cottage

Skill      XL: |  1 |
---------------+----+-----
Hexes          | 3 |  3.1
Fighting       | |  1.2
Short Blades   | |  0.1
Crossbows      | |  2.3
Dodging        | |  1.7
Spellcasting   | |  1.2

Action                   || total
-------------------------++-------
Melee: Short sword       ||    99
Throw: Boomerang         ||    14
 Cast: Corona            ||     9
       Slow              ||     1
Armor: Robe              ||    60
Dodge: Dodged            ||    75
